 Dungeon Crawl Stone Soup version 0.29.0-15-g675c0067aa (webtiles) character file.

Game seed: 1073453453357575723

2 qw the Sneak (level 1, -3/14 HPs)
             Began as a Gargoyle Delver on Sept 11, 2022.
             Slain by a worm (5 damage)
             ... on level 3 of the Dungeon.
             The game lasted 00:00:03 (304 turns).

qw the Sneak (Gargoyle Delver)                       Turns: 304, Time: 00:00:04

Health: -3/14      AC:  5    Str: 15    XL:     1   Next: 30%
Magic:  1/1        EV: 11    Int: 10    God:
Gold:   0          SH:  0    Dex: 11    Spells: 0/0 levels left

rFire   . . .      SeeInvis .   Y - +0 hand axe
rCold   . . .      Faith    .   (no shield)
rNeg    + . .      Spirit   .   b - +0 leather armour
rPois   inf        Reflect  .   (no helmet)
rElec   +          Harm     .   (no cloak)
rCorr   .          Rampage  .   (no gloves)
Will    .....                   (no boots)
Stlth   +++.......              (no amulet)
HPRegen 0.04/turn               (no ring)
MPRegen 0.07/turn               (no ring)

@: no status effects
A: sickness immunity, AC +2, negative energy resistance 1, electricity
resistance, torment resistance 1, petrification resistance
a: no special abilities


You were on level 3 of the Dungeon.
You visited 1 branch of the dungeon, and saw 3 of its levels.


Innate Abilities, Weirdness & Mutations

You are immune to sickness and miasma.
Your stone body is resilient. (AC +2)
You are immune to poison.
You resist negative energy. (rN+)
You are resistant to electric shocks. (rElec)
You are resistant to unholy torment.
You are immune to petrification.


   Skills:
 - Level 3.2 Fighting
 + Level 2.0 Axes
 - Level 1.5 Dodging
 - Level 5.4 Stealth


You couldn't memorise any spells.
You didn't know any spells.
Your spell library was empty.

Inventory:

Hand Weapons
 k - a +0 flail
 Y - a +0 hand axe (weapon)
Armour
 b - a +0 leather armour (worn)
Wands
 g - a wand of digging (3)
Potions
 f - a potion of haste
 j - a potion of might {unknown}

Dungeon Overview and Level Annotations

Branches:
Dungeon (5/15)
 Temple: D:4-7

Altars:


Message History

A scorpion is nearby!
Existing waypoints: (2) D:5 Assign waypoint to what number? (0-9, D - delete waypoint) Waypoint 1 assigned to D:4.
Enter note:
298 ||| FLEEEEING.
There is a stone staircase leading up here.
299 ||| STAIRDANCE You climb upwards.
The gnoll shouts!
The kobold shouts! x2; The gnoll shouts! x3
Found 20 gold pieces and a dagger.
There is a stone staircase leading down here.
Existing waypoints: (1) D:4 (2) D:5 Assign waypoint to what number? (0-9, D - delete waypoint) Waypoint 2 re-assigned from D:5 to D:3.
Enter note: You hit the gnoll.
The gnoll is lightly wounded.
You hit the gnoll. The gnoll closely misses you. x2
You hit the gnoll but do no damage.
The gnoll is lightly wounded.
You barely miss the gnoll. You closely miss the gnoll.
The gnoll barely misses you. The gnoll closely misses you.
The gnoll misses you.
You hit the gnoll.
The gnoll is heavily wounded.
You barely miss the gnoll. You hit the kobold.
You hit the gnoll but do no damage. The gnoll hits you with a +0 spear.
The gnoll hits you with a +0 whip. The gnoll closely misses you.
You hit the gnoll.
The gnoll is almost dead.
You hit the gnoll but do no damage. You barely miss the gnoll.
You hit the worm but do no damage. You hit the gnoll. You hit the kobold.
The gnoll hits you with a +0 spear. The kobold barely misses you.
The gnoll closely misses you. x2; The gnoll barely misses you.
The worm bites you.
You die...

## ####### #.
.......
#####.#.....$#
............#
####.}...}....#
......KKg...##
...}..g@g..}.#
###...g.w...##
.....}...}.##
#####.....##
.#...## #.#.###
# #) #.


You could see a worm, 4 gnolls and 2 kobolds.

Vanquished Creatures
  An orc (D:5)
1 creature vanquished.

Notes
Turn   | Place    | Note
-------+----------+-------------------------------------------
     0 | D:5      | qw the Gargoyle Delver began the quest for the Orb.
     0 | D:5      | Reached XP level 1. HP: 14/14 MP: 1/1
     0 | D:5      | 0 ||| qw: Version: 0.1-a-118-gb4e7ce6
     0 | D:5      | 0 ||| qw: Game counter: 10404
     0 | D:5      | 0 ||| qw: Always use a shield: true
     0 | D:5      | 0 ||| qw: God list: Okawaru
     0 | D:5      | 0 ||| qw: Allow faded altars: false
     0 | D:5      | 0 ||| qw: Do Orc after D:15 true
     0 | D:5      | 0 ||| qw: Do second Lair branch before Depths: true
     0 | D:5      | 0 ||| qw: Lair rune preference: random
     0 | D:5      | 0 ||| qw: Plans: Normal
     0 | D:5      | 0 ||| PLANNING D:1-11
   284 | D:5      | 284 ||| READING scroll labelled YHIEHUVITT.
   285 | D:5      | 285 ||| READING scroll labelled YKLAUWYFAUNTI.
   286 | D:5      | 286 ||| DROPPING scroll of fog.
   287 | D:5      | 287 ||| DROPPING scroll of magic mapping.
   288 | D:5      | 288 ||| DROPPING scroll of fear.
   297 | D:4      | Noticed a scorpion
   298 | D:4      | 298 ||| FLEEEEING.
   299 | D:4      | 299 ||| STAIRDANCE
   304 | D:3      | HP: 2/14 [gnoll/+0 spear (5)]
   304 | D:3      | Slain by a worm

Levels and vault maps discovered:
D:3:      layout_basic, okawaru_gym_becter, grunt_ministairs_2
D:4:      kennysheep_big_flooded_room, layout_cave_pools, tso_altar,
          led_sif_pool, temple_statues, serial_shops, nicolae_shop_statue_plus,
          serial_rivers, chequers_serial_rivers_micro_d,
          chequers_serial_rivers_large_a, chequers_serial_rivers_micro_e,
          chequers_serial_rivers_small_b, chequers_serial_rivers_small_3
D:5:      layout_cave_pods

Skill      XL: |  1 |
---------------+----+-----
Axes           | 2 |  2.0
Fighting       | |  3.2
Dodging        | |  1.5
Stealth        | |  5.4

Action                   || total
-------------------------++-------
Melee: Hand axe          ||    10
  Use: Scroll            ||     2
Armor: Leather armour    ||     1
Dodge: Dodged            ||    13

Table legend:
 A = Non-vault XP
 B = Vault XP
 C = Vault XP percentage of total XP
 D = Non-vault monster count
 E = Vault monster count
 F = Vault count percentage of total count
                 A         B        C        D         E       F
            +---------+---------+-------+---------+---------+-------
      Total |       3 |       0 |   0.0 |       1 |       0 |   0.0
            +---------+---------+-------+---------+---------+-------
        D:5 |       3 |       0 |   0.0 |       1 |       0 |   0.0
            +---------+---------+-------+---------+---------+-------
